 Dungeon Crawl Stone Soup version 0.29.0-4-gdea44cf6ec (webtiles) character file.

Game seed: 4544078889273444077

16 qw the Chopper (level 2, 0/17 HPs)
             Began as a Tengu Warper on Aug 28, 2022.
             Succumbed to their own poison gas
             ... on level 1 of the Dungeon.
             The game lasted 00:00:03 (421 turns).

qw the Chopper (Tengu Warper)                        Turns: 421, Time: 00:00:03

Health: 0/17       AC:  3    Str: 11    XL:     2   Next: 58%
Magic:  6/6        EV: 11    Int: 13    God:
Gold:   35         SH:  0    Dex: 13    Spells: 5/5 levels left

rFire   . . .      SeeInvis .   Y - +0 hand axe
rCold   . . .      Faith    .   (no shield)
rNeg    . . .      Spirit   .   b - +0 leather armour
rPois   .          Reflect  .   (helmet restricted)
rElec   .          Harm     .   (no cloak)
rCorr   .          Rampage  .   (no gloves)
Will    .....                   (boots unavailable)
Stlth   +.........              (no amulet)
HPRegen 0.05/turn               (no ring)
MPRegen 0.10/turn               (no ring)

@: lethally poisoned (0 -> -11), weak-willed
A: beak, talons 3
a: no special abilities


You were on level 1 of the Dungeon.
You visited 1 branch of the dungeon, and saw 1 of its levels.

You collected 35 gold pieces.


Innate Abilities, Weirdness & Mutations

You have a beak for a mouth.
You have claws for feet.


   Skills:
 - Level 2.0 Fighting
 + Level 3.4 Axes
 - Level 1.0 Throwing
 - Level 1.1 Armour
 - Level 2.1 Dodging
 - Level 2.0 Spellcasting
 - Level 2.4 Translocations


You had 5 spell levels left.
You didn't know any spells.
Your spell library contained the following spells:

 Spells                   Type           Power      Damage    Failure   Level
 Blink                    Tloc           14%        N/A       19%         2
 Gell's Gravitas          Tloc           7%         N/A       36%         3
 Lesser Beckoning         Tloc           7%         N/A       36%         3
 Teleport Other           Tloc           7%         N/A       36%         3
 Manifold Assault         Tloc           7%         N/A       98%         5

Inventory:

Hand Weapons
 g - a +0 club
 Y - a +0 hand axe (weapon)
Armour
 b - a +0 leather armour (worn)
Potions
 a - a potion of curing {unknown}
 d - a potion of attraction {unknown}
 e - a potion of cancellation {unknown}

Dungeon Overview and Level Annotations

Branches:
Dungeon (1/15)

Altars:


Message History

337 ||| Stepping ~*~*~tactically~*~*~ (stealth).
The rat attacks as you move away! The rat bites you but does no damage.
338 ||| Stepping ~*~*~tactically~*~*~ (stealth).
339 ||| Stepping ~*~*~tactically~*~*~ (stealth).
The rat attacks as you move away! The rat bites you but does no damage.
340 ||| Stepping ~*~*~tactically~*~*~ (stealth).
The rat attacks as you move away! The rat bites you but does no damage.
You hit the rat but do no damage. The rat closely misses you. x2
342 ||| Stepping ~*~*~tactically~*~*~ (stealth).
You hit the rat.
You kill the rat!
You start resting.
HP restored.
You see here a +0 dagger.
A dart slug comes into view.
Enter note: A dart slug is nearby!
416 ||| READING scroll labelled PASSIE CAOGOMALA.
As you read the scroll labelled PASSIE CAOGOMALA, it crumbles to dust.
Magic quickly surges around you.
It was a scroll of vulnerability.
A dart slug is nearby!
417 ||| READING scroll labelled ZIVVICI GANI.
The air fills with toxic fumes!
As you read the scroll labelled ZIVVICI GANI, it crumbles to dust.
It was a scroll of poison.
A dart slug is nearby!
418 ||| DROPPING scroll of blinking.
You drop a scroll of blinking.
Partly explored, can't reach some places.
Partly explored, can't reach some places.
419 ||| Stepping randomly (stuck).
Really walk into that cloud of poison gas?
You are engulfed in poison gas.
You are lethally poisoned!
You feel very sick.
420 ||| Stepping ~*~*~tactically~*~*~ (cloud).
You feel very sick.
You see here a scroll of blinking.
There is a lethal amount of poison in your body!
You die...

.## #...# #####.####.# .#
###.#########.####.# .#
#......####.####.# .#
###########.####.# ########
#...........#
.......############.####.######
.....#..............####.#####
.....##############¤####.#####
.........¤¤¤¤¤¤¤@¤¤¤####.#####
.........¤¤¤######¤¤##.#.#####
##.########## #...##....#
...#### # #.......### ....(...
.....####.# .......# .##..
##..# ........ #.....###..##
........ ##.#.......## .......#
##..#.####..#####


There were no monsters in sight!

Vanquished Creatures
  3 endoplasms (D:1)
  3 goblins (D:1)
  2 jackals (D:1)
  2 bats (D:1)
  A frilled lizard (D:1)
  2 kobolds (D:1)
  2 rats (D:1)
15 creatures vanquished.

Notes
Turn   | Place    | Note
-------+----------+-------------------------------------------
     0 | D:1      | qw the Tengu Warper began the quest for the Orb.
     0 | D:1      | Reached XP level 1. HP: 12/12 MP: 4/4
     0 | D:1      | 0 ||| qw: Version: 0.1-a-89-g26bdef1
     0 | D:1      | 0 ||| qw: Game counter: 1207
     0 | D:1      | 0 ||| qw: Always use a shield: true
     0 | D:1      | 0 ||| qw: God list: Okawaru
     0 | D:1      | 0 ||| qw: Allow faded altars: false
     0 | D:1      | 0 ||| qw: Do Orc after D:15 true
     0 | D:1      | 0 ||| qw: Do second Lair branch before Depths: true
     0 | D:1      | 0 ||| qw: Lair rune preference: random
     0 | D:1      | 0 ||| qw: Plans: Normal
     0 | D:1      | 0 ||| PLANNING D:1-11
    48 | D:1      | 48 ||| READING scroll labelled ZOYROPNOLON.
   103 | D:1      | Reached skill level 3 in Axes
   103 | D:1      | Reached XP level 2. HP: 17/17 MP: 6/6
   324 | D:1      | 324 ||| Stepping ~*~*~tactically~*~*~ (stealth).
   330 | D:1      | 330 ||| Stepping ~*~*~tactically~*~*~ (stealth).
   337 | D:1      | 337 ||| Stepping ~*~*~tactically~*~*~ (stealth).
   338 | D:1      | 338 ||| Stepping ~*~*~tactically~*~*~ (stealth).
   339 | D:1      | 339 ||| Stepping ~*~*~tactically~*~*~ (stealth).
   340 | D:1      | 340 ||| Stepping ~*~*~tactically~*~*~ (stealth).
   342 | D:1      | 342 ||| Stepping ~*~*~tactically~*~*~ (stealth).
   416 | D:1      | 416 ||| READING scroll labelled PASSIE CAOGOMALA.
   417 | D:1      | 417 ||| READING scroll labelled ZIVVICI GANI.
   418 | D:1      | 418 ||| DROPPING scroll of blinking.
   419 | D:1      | 419 ||| Stepping randomly (stuck).
   420 | D:1      | 420 ||| Stepping ~*~*~tactically~*~*~ (cloud).
   420 | D:1      | HP: 2/17 [poisoned by you (poison gas)]
   421 | D:1      | Succumbed to their own poison gas

Levels and vault maps discovered:
D:1:      minmay_arrival_diagonal_passages, layout_rooms, reono_crystal_passage

Skill      XL: |  1 |
---------------+----+-----
Axes           | 3 |  3.4
Fighting       | |  2.0
Throwing       | |  1.0
Armour         | |  1.1
Dodging        | |  2.1
Spellcasting   | |  2.0
Translocations | |  2.4

Action                   || total
-------------------------++-------
Melee: Hand axe          ||    26
       Kick              ||     5
       Peck              ||     2
Throw: Boomerang         ||     7
  Use: Scroll            ||     3
 Stab: Sleeping          ||     1
Armor: Leather armour    ||     7
Dodge: Dodged            ||    16

Table legend:
 A = Non-vault XP
 B = Vault XP
 C = Vault XP percentage of total XP
 D = Non-vault monster count
 E = Vault monster count
 F = Vault count percentage of total count
                 A         B        C        D         E       F
            +---------+---------+-------+---------+---------+-------
      Total |      24 |       0 |   0.0 |      15 |       0 |   0.0
            +---------+---------+-------+---------+---------+-------
        D:1 |      24 |       0 |   0.0 |      15 |       0 |   0.0
            +---------+---------+-------+---------+---------+-------
